 Dungeon Crawl Stone Soup version 0.28-b1-1-g3c77fb2ed1 (webtiles) character file.

Game seed: 400472568817203045

2449 zeram the Basher (level 9, -1/51 HPs)
             Began as a Gargoyle Fighter on Jan 28, 2022.
             Slain by an orc (10 damage)
             ... in a bailey.
             The game lasted 00:09:09 (6299 turns).

zeram the Basher (Gargoyle Fighter)                 Turns: 6299, Time: 00:09:10

Health: -1/51      AC: 15    Str: 25    XL:     9   Next: 49%
Magic:  9/9        EV: 10    Int:  8    God:
Gold:   327        SH:  4    Dex:  9    Spells: 8/8 levels left

rFire   . . .      SeeInvis .   a - +3 flail (flame)
rCold   . . .      Faith    .   c - +0 buckler
rNeg    + . .      Spirit   .   b - +0 scale mail
rPois   ∞          Reflect  .   (no helmet)
rElec   +          Harm     .   (no cloak)
rCorr   .          Rampage  .   f - +0 pair of gloves
Will    .....                   (no boots)
Stlth   ..........              (no amulet)
HPRegen 0.17/turn               (no ring)
MPRegen 0.11/turn               (no ring)

@: mighty, hasted, very quick
A: sickness immunity, AC +6, negative energy resistance 1, electricity
resistance, torment resistance 1, petrification resistance
a: no special abilities


You were in a bailey.
You visited 1 branch of the dungeon, and saw 7 of its levels.
You also visited: Ossuary and Bailey.

You collected 327 gold pieces.

Inventory:

Hand Weapons
 a - a +3 flail of flaming (weapon)
Armour
 b - a +0 scale mail (worn)
 c - a +0 buckler (worn)
 f - a +0 pair of gloves (worn)
Scrolls
 l - 5 scrolls of identify
 n - 6 scrolls of amnesia
Potions
 d - a potion of attraction
 h - 2 potions of mutation
 i - a potion of lignification
 j - 2 potions of degeneration
 k - a potion of resistance


   Skills:
 - Level 3.2 Fighting
 + Level 10.1 Maces & Flails
 + Level 7.1 Armour
 + Level 2.9 Dodging
 + Level 4.9 Shields


You had 8 spell levels left.
You didn't know any spells.
Your spell library contained the following spells:

 Spells                   Type           Power      Damage    Failure   Level
 Corpse Rot               Necr/Air       0%         N/A       88%         2
 Poisonous Vapours        Pois/Air       0%         N/A       88%         2
 Tukima's Dance           Hex            0%         N/A       98%         3
 Anguish                  Hex/Necr       0%         N/A       100%        4
 Enfeeble                 Hex            0%         N/A       100%        7
 Borgnjor's Revivificati  Necr           0%         N/A       100%        8
 Necromutation            Tmut/Necr      0%         N/A       100%        8
 Death's Door             Necr           0%         N/A       100%        9


Dungeon Overview and Level Annotations

Branches:
Dungeon (7/15)             Temple (0/1) D:6         Ossuary (visited)
 Bailey (1/1)

Altars:
Ashenzari
Kikubaaqudgha
Vehumet
Wu Jian

Shops:
D:1 ?


Innate Abilities, Weirdness & Mutations

You are immune to sickness and miasma.
Your stone body is resilient. (AC +6)
You are immune to poison.
You resist negative energy. (rN+)
You are resistant to electric shocks. (rElec)
You are resistant to unholy torment.
You are immune to petrification.


Message History

You aren't carrying any pieces of jewellery.
You don't have any unidentified items.
You feel yourself speed up.
Okay, then.
Okay, then.
You feel mightier all of a sudden.
The centaur throws a javelin.
The javelin barely misses you.
The centaur throws a javelin.
The javelin pierces through you but does no damage.
There is an empty arch of ancient stone here.
There is a gate leading back out of this place here.
Found 8 gold pieces.
The centaur throws a javelin.
The javelin pierces through you but does no damage.
Found 37 gold pieces.
The centaur throws a javelin.
The javelin barely misses you.
You are too injured to fight recklessly!
You are too injured to fight recklessly!
The centaur throws a javelin.
The javelin pierces through you!
* * * LOW HITPOINT WARNING * * *
The orc barely misses you.
You hit the orc. You burn the orc.
You kill the orc!
The centaur throws a javelin.
The javelin pierces through you.
* * * LOW HITPOINT WARNING * * *
You block the centaur's attack.
Things that are here:
a +0 trident; a +0 chain mail The centaur throws a javelin.
The javelin pierces through you but does no damage.
The centaur throws a javelin.
The javelin pierces through you.
* * * LOW HITPOINT WARNING * * *
The centaur throws a javelin.
The javelin misses you.
The javelin pierces through the orc!!
The orc dies!
The javelin pierces through the orc!
The orc dies!
Things that are here:
a +0 halberd; a +0 ring mail The orc hits you from afar with a +0 halberd!
You die...

##########+####
#####c...........≈#
##....≈≈≈≈≈≈≈≈≈...≈#
#.⌠.≈≈≈....c..≈≈..≈##
#..≈≈o.≈≈≈≈≈≈≈....≈≈##
#.≈≈.≈≈≈.....≈≈≈...≈≈##
#.≈.≈≈@)≈≈≈≈≈.)≈≈..⌠≈≈#
#.≈≈.≈o≈≈≈...≈≈≈.≈≈.$≈≈#
#.≈.≈≈o≈..⌠.⌠..≈≈.≈..$≈#
#.≈...o≈..∩∩∩.....≈...≈#
#.≈.≈≈.≈..⌠.⌠..≈≈.≈o.$≈#
#.≈≈.≈.≈≈≈...≈≈≈.≈≈o$≈≈#
##.≈.≈≈..≈≈≈≈≈o.≈≈..⌠≈≈#
#.≈≈.≈≈≈.....≈≈≈...≈≈##
.≈≈..≈≈≈≈≈≈≈....≈≈##


You could see 2 centaurs and 5 orcs.

Vanquished Creatures
  A hornet (D:6)
  Grinder (D:3)
  A wyvern (D:7)
  A wraith (Ossuary)
  Edmund (D:5)
  3 water moccasins
  An ice beast (D:6)
  An ogre (D:5)
  A necrophage (D:6)
  A centaur (D:6)
  A phantom (D:5)
  2 scorpions
  A bullfrog (D:4)
  A wyvern skeleton (D:7)
  A water moccasin skeleton (D:5)
  6 hounds
  A jelly (D:4)
  An orc priest (D:6)
  2 iguanas (D:5)
  2 orc wizards (D:6)
  A hound skeleton (D:5)
  A mummy (Ossuary)
  3 gnolls
  8 adders
  A white imp (D:6)
  2 adder skeletons (D:4)
  2 dart slugs
  14 orcs
  4 endoplasms
  6 giant cockroaches
  9 goblins
  6 hobgoblins
  6 jackals
  10 quokkas
  7 ball pythons
  2 bats
  3 frilled lizards
  7 gnoll skeletons (Ossuary)
  2 kobolds
  10 kobold skeletons (Ossuary)
  8 orc skeletons (Ossuary)
  5 rats
147 creatures vanquished.

Vanquished Creatures (collateral kills)
  A jelly (D:5)
1 creature vanquished.

Vanquished Creatures (others)
  2 orcs (Bailey)
2 creatures vanquished.

Grand Total: 150 creatures vanquished

Notes
Turn   | Place    | Note
-------+----------+-------------------------------------------
     0 | D:1      | zeram the Gargoyle Fighter began the quest for the Orb.
     0 | D:1      | Reached XP level 1. HP: 14/14 MP: 1/1
    83 | D:1      | Found Ceawui's Magic Scroll Shop.
   222 | D:1      | Reached XP level 2. HP: 16/19 MP: 2/2
   952 | D:2      | Reached XP level 3. HP: 21/23 MP: 3/3
  1138 | D:2      | Found a faded altar of an unknown god.
  1278 | D:2      | Reached skill level 3 in Maces & Flails
  1616 | D:3      | Reached XP level 4. HP: 28/28 MP: 4/4
  1697 | D:3      | Identified the +8 hunting sling of Desperation {freeze,
                  | Int+2 Dex+5}
  2206 | D:3      | Noticed Grinder
  2209 | D:3      | Paralysed by Grinder for 4 turns
  2216 | D:3      | Killed Grinder
  2217 | D:3      | Reached skill level 5 in Maces & Flails
  2217 | D:3      | Reached skill level 1 in Dodging
  2217 | D:3      | Reached XP level 5. HP: 10/32 MP: 5/5
  2217 | D:3      | Reached XP level 6. HP: 12/37 MP: 6/6
  2615 | D:4      | Noticed a water moccasin
  2643 | D:3      | Killed a water moccasin
  2827 | D:3      | Reached XP level 7. HP: 18/41 MP: 7/7
  3012 | D:4      | Reached skill level 6 in Maces & Flails
  3059 | D:4      | Found a sand-covered staircase.
  3067 | Ossuary  | Entered an ossuary
  3067 | Ossuary  | Noticed a wraith
  3067 | Ossuary  | Noticed a wraith
  3067 | Ossuary  | Noticed a wraith
  3328 | Ossuary  | Noticed a wraith
  3349 | Ossuary  | Killed a wraith
  3350 | Ossuary  | Reached skill level 5 in Armour
  3596 | D:4      | Reached skill level 7 in Maces & Flails
  3602 | D:4      | Identified the +10 longbow of Governance {flame, rC- Int+7}
  3674 | D:4      | Reached XP level 8. HP: 25/46 MP: 8/8
  3978 | D:4      | Found an ornate altar of the Wu Jian Council.
  4087 | D:5      | Entered Level 5 of the Dungeon
  4155 | D:5      | Noticed Edmund
  4191 | D:5      | Killed Edmund
  4192 | D:5      | Reached skill level 8 in Maces & Flails
  4904 | D:6      | Found a staircase to the Ecumenical Temple.
  4960 | D:6      | Reached skill level 9 in Maces & Flails
  5014 | D:6      | Reached XP level 9. HP: 50/51 MP: 9/9
  5390 | D:6      | Found a radiant altar of Vehumet.
  5862 | D:7      | Noticed a hornet
  5879 | D:6      | Killed a hornet
  6134 | D:7      | Found a broken altar of Ashenzari.
  6182 | D:7      | Reached skill level 10 in Maces & Flails
  6205 | D:7      | Found an ancient bone altar of Kikubaaqudgha.
  6260 | D:7      | Found a flagged portal.
  6271 | D:7      | HP: 2/51 [orc priest/divine providence (7)]
  6273 | Bailey   | Entered a bailey
  6299 | Bailey   | Slain by an orc

Illustrated notes

Levels and vault maps discovered:
D:1:      dpeg_arrival_three_same_balls, layout_loops_ring, serial_shops, shop
D:2:      layout_loops_ring, serial_glass, glass_columns_a, glass_columns_a,
          glass_columns_a, glass_columns_a, basic_ecumenical_altar
D:3:      layout_basic, solitary_fountain, uniq_grinder
D:4:      layout_cave_pools, mainiacjoe_overflow_catwalk,
          chequers_ossuary_entry_cave, minivault_4
D:5:      layout_cave_pools, uniq_edmund
D:6:      layout_basic, general_overflow_altar, minmay_temple_entry_water_ring,
          chequers_serial_rivers_large_b
D:7:      layout_loops_ring, old_standard_altar, ashenzari_altar_1,
          mainiacjoe_overflow_chevrons, enter_bailey_3
Bailey:   bailey_polearm_flooded_kennysheep, bailey

Skill      XL: |  1  2  3  4  5  6  7  8  9 |
---------------+----------------------------+-----
Maces & Flails | 3 5 7 9 10 | 10.1
Armour         | 4 5 6 7 |  7.1
Dodging        | 1 2 |  2.9
Shields        | 4 |  4.9
Fighting       | |  3.2

Action                   |  1- 3 |  4- 6 |  7- 9 || total
-------------------------+-------+-------+-------++-------
Melee: Flail             |    96 |    85 |   276 ||   457
  Use: Scroll            |     2 |     1 |    16 ||    19
       Potion            |       |     1 |     8 ||     9
Armor: Scale mail        |    56 |    61 |   133 ||   250
Dodge: Dodged            |    53 |    49 |   151 ||   253
Block: Buckler           |    16 |    31 |    55 ||   102
